 Dungeon Crawl Stone Soup version 0.28-a0-317-g21599a725c (webtiles) character file.

Game seed: 16117876646768363363

9041 McIrco the Blocker (level 11, -7/66 HPs)
             Began as a Kobold Berserker on Sept 1, 2021.
             Was a High Priest of Trog.
             Mangled by a meliai simulacrum (24 damage)
             ... on level 9 of the Dungeon.
             The game lasted 00:17:55 (9114 turns).

McIrco the Blocker (Kobold Berserker)               Turns: 9114, Time: 00:17:57

Health: -7/66      AC: 10    Str: 17    XL:     11   Next: 67%
Magic:  11/11      EV: 18    Int: 10    God:    Trog [*****.]
Gold:   313        SH: 16    Dex: 16    Spells: 10/10 levels left

rFire   . . .      SeeInvis +   b - +0 short sword (flame)
rCold   x . .      Faith    .   c - +4 kite shield "Vog Zedu" {rC- Regen+ Dex+2}
rNeg    . . .      Spirit   .   p - +3 leather armour of Intuition {SInv}
rPois   .          Reflect  .   (no helmet)
rElec   .          Harm     .   k - +1 cloak
rCorr   .          Rampage  .   l - +0 pair of gloves
Will    .....                   M - +0 pair of boots
Stlth   +++.......              h - amulet of regeneration
HPRegen 2.21/turn               (no ring)
MPRegen 0.12/turn               (no ring)

@: about to teleport, on berserk cooldown
A: small, no large weapons, nightstalker 3
a: Renounce Religion, Berserk, Trog's Hand, Brothers in Arms


You were on level 9 of the Dungeon.
You worshipped Trog.
Trog was extremely pleased with you.
You visited 1 branch of the dungeon, and saw 9 of its levels.
You also visited: Sewer.

You collected 373 gold pieces.
You spent 60 gold pieces at shops.

Inventory:

Hand Weapons
 a - a +2 dagger of venom
 b - a +0 short sword of flaming (weapon)
 z - a +1 short sword
 C - a +5 short sword
Missiles
 A - 4 silver boomerangs (quivered)
 H - a throwing net
Armour
 c - the +4 kite shield "Vog Zedu" (worn) {rC- Regen+ Dex+2}
   (You acquired it on level 3 of the Dungeon)

   Dex:       It affects your dexterity (+2).
   rC:        It makes you vulnerable to cold.
   Regen:     It increases your rate of health regeneration.
 k - a +1 cloak (worn)
 l - a +0 pair of gloves (worn)
 n - a +0 animal skin
 p - the +3 leather armour of Intuition (worn) {SInv}
   (You found it on level 4 of the Dungeon)

   SInv:      It lets you see invisible.
 M - a +0 pair of boots (worn)
Jewellery
 h - an amulet of regeneration (around neck)
 y - an amulet of faith
 D - a +6 ring of dexterity
 G - a ring of see invisible
 J - a ring of see invisible
Wands
 t - a wand of paralysis (3)
 F - a wand of flame (22)
Scrolls
 e - a scroll of acquirement
 f - a scroll of noise
 j - 4 scrolls of identify
 o - 3 scrolls of enchant armour
 q - 5 scrolls of teleportation
 r - 2 scrolls of immolation
 s - 2 scrolls of magic mapping
 v - a scroll of brand weapon {unknown}
 x - a scroll of blinking
 E - 2 scrolls of amnesia {unknown}
Potions
 d - 2 potions of heal wounds
 g - 4 potions of flight
 i - a potion of ambrosia
 m - a potion of brilliance
 u - 2 potions of attraction
 w - a potion of resistance
 B - 3 potions of curing
 I - 2 potions of lignification {unknown}
 K - a potion of cancellation {unknown}
 L - a potion of mutation {unknown}


   Skills:
 + Level 6.4 Fighting
 + Level 10.5 Short Blades
 + Level 1.9 Armour
 + Level 9.3 Dodging
 - Level 3.1 Stealth
 * Level 10.6 Shields


You had 10 spell levels left.
You didn't know any spells.
Your spell library was empty.

Dungeon Overview and Level Annotations

Branches:
Dungeon (9/15)             Temple (0/1) D:6            Lair (0/6) D:8
  Sewer (visited)
    Orc: D:9-12

Altars:
Ashenzari
Dithmenos
Wu Jian

Shops:
D:7 ([(!

Annotations:
D:9 Jano's ghost, novice DsFi


Innate Abilities, Weirdness & Mutations

You are small and have problems with some larger weapons.
You are completely attuned to the shadows.


Message History

A meliai simulacrum comes into view.
Found 27 gold pieces and a blackened iron wand.
There is an open translucent gate here.
A meliai simulacrum is nearby!
A spectral thing and a player ghost come into view.
Jano's ghost turns its malevolent gaze towards you.
You hit the meliai simulacrum but do no damage.
The meliai simulacrum misses you.
The meliai simulacrum hits you but does no damage.
You hit the meliai simulacrum.
The meliai simulacrum is lightly damaged.
The meliai simulacrum misses you.
You block the meliai simulacrum's attack.
Press: ? - help, v - describe, . - travel
Here: Jano's ghost, wielding a vorpal weapon The floor.
Unknown command.
Your +2 dagger of venom stops dripping with poison.
Your +0 short sword of flaming bursts into flame!
b - a +0 short sword of flaming (weapon)
The meliai simulacrum hits you. The meliai simulacrum freezes you!!
You feel a terrible chill!
The meliai simulacrum hits you but does no damage.
Unknown command.
Unknown command.
You're still recovering from your berserk rage.
You block the meliai simulacrum's attack.
The meliai simulacrum hits you. The meliai simulacrum freezes you!!
You feel a terrible chill!
There is an open translucent gate here.
The meliai simulacrum misses you. The meliai simulacrum hits you.
The meliai simulacrum freezes you!
You feel a terrible chill!
As you read the scroll of teleportation, it crumbles to dust.
You feel strangely unstable.
The meliai simulacrum barely misses you.
The meliai simulacrum hits you but does no damage.
The meliai simulacrum hits you!
* * * LOW HITPOINT WARNING * * *
The meliai simulacrum freezes you!!
You feel a terrible chill!
You die...

#...# #...# ..#.#.. #####
#...###.$/$.## ##....
#...##.......# ##.....
#...###.....## #......
#...##.......# #...(..
#...####'''#########.>.>..
#...##..WZZ........#......
###.#####@................
#.# #..........#...... #.#
#..........##..... #.#
#..........###.... #.#
#####.########.#.. #.#
###...##.......#.. #.#
#...##...#######.. #.#
##...#..### #... #.#
#....#.## #...


You could see a spectral centaur warrior, Jano's ghost and a meliai simulacrum.

Vanquished Creatures
  A two-headed ogre (D:9)
  Pikel (D:8)
  A spectral centaur (D:9)
  2 komodo dragons (D:8)
  2 hornets
  Grinder (D:4)
  Prince Ribbit (D:8)
  2 centaur simulacra (D:9)
  3 wyverns
  A yak (D:7)
  A basilisk (D:8)
  3 steam dragons
  Grum (D:8)
  An acid dragon (D:8)
  3 orc warriors
  A sky beast (D:7)
  2 hornet zombies
  A necrophage (D:7)
  4 ogres
  2 wolves (D:8)
  4 centaurs
  A lemure (D:8)
  2 bullfrogs (Sewer)
  A wyvern zombie (D:7)
  A scorpion (D:4)
  A water moccasin zombie (D:4)
  10 killer bees (D:9)
  9 wights
  3 howler monkeys
  2 bullfrog zombies
  A gnoll shaman (D:8)
  A jelly (D:3)
  5 orc priests
  2 hounds
  Crazy Yiuf (D:7)
  2 centaur skeletons (D:7)
  3 iguanas
  8 orc wizards
  A killer bee zombie (D:7)
  2 hound zombies
  3 howler monkey zombies
  8 adders
  6 gnolls
  2 river rats (D:3)
  3 white imps
  An ufetubus (D:7)
  5 worms
  34 orcs
  11 ball pythons
  5 endoplasms
  14 giant cockroaches
  5 goblins
  3 hobgoblins
  4 jackals
  3 kobolds
  8 quokkas
  8 bats
  5 frilled lizards (Sewer)
  6 rats
228 creatures vanquished.

Vanquished Creatures (collateral kills)
  A death knight (D:7)
  A water moccasin (D:7)
  A centaur (D:7)
  A scorpion (D:7)
  A killer bee zombie (D:7)
  A white imp (D:7)
  An orc (D:7)
7 creatures vanquished.

Grand Total: 235 creatures vanquished

Notes
Turn   | Place    | Note
-------+----------+-------------------------------------------
     0 | D:1      | McIrco the Kobold Berserker began the quest for the Orb.
     0 | D:1      | Reached XP level 1. HP: 14/14 MP: 1/1
   260 | D:1      | Found a faded altar of an unknown god.
   380 | D:1      | Reached XP level 2. HP: 16/19 MP: 2/2
   792 | D:1      | Reached skill level 1 in Stealth
   792 | D:1      | Reached XP level 3. HP: 13/23 MP: 3/3
  1957 | D:3      | Identified a scroll of acquirement
  1957 | D:3      | Acquired the +4 kite shield "Vog Zedu" {rC- Regen+ Dex+2}
  2010 | D:3      | Reached skill level 5 in Short Blades
  2010 | D:3      | Reached XP level 4. HP: 28/28 MP: 4/4
  2044 | D:3      | Reached ** piety under Trog
  2160 | D:3      | Reached XP level 5. HP: 33/33 MP: 5/5
  2278 | D:3      | Found a glowing drain.
  2284 | Sewer    | Entered a sewer
  2346 | Sewer    | Reached skill level 1 in Shields
  2507 | Sewer    | Noticed a bullfrog
  2507 | Sewer    | Noticed a bullfrog
  2516 | Sewer    | Killed a bullfrog
  2517 | Sewer    | Reached XP level 6. HP: 38/38 MP: 6/6
  3212 | D:3      | Reached *** piety under Trog
  3213 | D:3      | Reached XP level 7. HP: 42/42 MP: 7/7
  3914 | D:4      | Identified the +3 leather armour of Intuition {SInv}
  4149 | D:4      | Noticed Grinder
  4152 | D:4      | Paralysed by Grinder for 3 turns
  4160 | D:4      | Killed Grinder
  4161 | D:4      | Reached XP level 8. HP: 48/48 MP: 8/8
  4305 | D:4      | Reached **** piety under Trog
  4551 | D:5      | Entered Level 5 of the Dungeon
  4645 | D:5      | Reached skill level 5 in Dodging
  5307 | D:6      | Reached skill level 5 in Shields
  5478 | D:6      | Found an ornate altar of the Wu Jian Council.
  5505 | D:6      | Found a staircase to the Ecumenical Temple.
  5645 | D:6      | Reached XP level 9. HP: 52/52 MP: 9/9
  5667 | D:6      | Found a broken altar of Ashenzari.
  5958 | D:6      | Found a shadowy altar of Dithmenos.
  6054 | D:7      | Reached skill level 5 in Fighting
  6077 | D:7      | Noticed a hornet
  6091 | D:7      | Killed a hornet
  6200 | D:7      | Found Zuhuh's Distillery.
  6228 | D:7      | Bought a potion of curing for 45 gold pieces
  6228 | D:7      | Bought a potion of degeneration for 15 gold pieces
  6326 | D:7      | Noticed a death knight
  6351 | D:7      | Killed a death knight
  6352 | D:7      | Reached XP level 10. HP: 26/59 MP: 10/10
  6829 | D:7      | Found Daec Hoz's Weapon Shoppe.
  6903 | D:7      | Found Tuiwus's Antique Armour Shop.
  6930 | D:7      | Found a runed translucent door.
  6933 | D:7      | Noticed Crazy Yiuf
  7068 | D:7      | Found Waaxyleg's Weapon Shoppe.
  7167 | D:7      | Killed Crazy Yiuf
  7292 | D:8      | Noticed Pikel
  7325 | D:8      | Killed Pikel
  7376 | D:8      | Noticed a komodo dragon
  7398 | D:8      | Reached skill level 10 in Short Blades
  7416 | D:8      | Noticed Prince Ribbit
  7421 | D:8      | Killed a komodo dragon
  7434 | D:8      | Killed Prince Ribbit
  7499 | D:8      | Noticed a komodo dragon
  7515 | D:8      | Reached XP level 11. HP: 29/64 MP: 11/11
  7629 | D:8      | Found a staircase to the Lair.
  8024 | D:8      | Noticed Grum
  8062 | D:8      | Killed Grum
  8063 | D:8      | Reached skill level 10 in Shields
  8317 | D:8      | Identified the +1 scale mail of Resourcefulness {Dex+3}
  8464 | D:9      | Noticed a two-headed ogre
  8477 | D:9      | Reached ***** piety under Trog
  8497 | D:9      | Killed a two-headed ogre
  8773 | D:9      | Found a runed translucent gate.
  8773 | D:9      | Found a runed translucent gate.
  8773 | D:9      | Found a runed translucent gate.
  9106 | D:9      | Noticed Jano's ghost (novice DsFi)
  9114 | D:9      | Mangled by a meliai simulacrum

Illustrated notes

Levels and vault maps discovered:
D:1:      ebering_hopf_link, layout_loops_corners,
          shapermc_ecumenical_altar_venn, corexii_leaking_fountain
D:2:      layout_rooms, serial_bayou_pond_d
D:3:      layout_loops_corners, lightli_sewer_entry_pipes, st_stairs_10
D:4:      layout_basic, minmay_crystal_room, uniq_grinder
D:5:      layout_loops_ring
D:6:      layout_rooms, mainiacjoe_overflow_catwalk_spiral,
          mainiacjoe_overflow_brackets, minmay_temple_entry_glass
D:7:      cheibrodos_barr_body, layout_loops_ring, serial_shops,
          nicolae_diamond_shop, shop, shop, shop_statue, uniq_crazy_yiuf_cottage
D:8:      layout_rooms, erik_lair_dragon, chequers_serial_rivers_micro_e,
          uniq_pikel, uniq_prince_ribbit1, uniq_grum
D:9:      layout_rooms, gammafunk_ghost_necromancy

Skill      XL: |  1  2  3  4  5  6  7  8  9 10 11 |
---------------+----------------------------------+-----
Stealth        | 1 2 3 |  3.1
Short Blades   | 5 6 8 9 10 | 10.5
Dodging        | 3 4 5 7 8 9 |  9.3
Shields        | 1 2 4 5 8 9 10 | 10.6
Fighting       | 4 5 6 |  6.4
Armour         | |  1.9

Action                   |  1- 3 |  4- 6 |  7- 9 | 10-12 || total
-------------------------+-------+-------+-------+-------++-------
Melee: Short sword       |    75 |   208 |   273 |    65 ||   621
       Dagger            |       |       |   105 |   457 ||   562
Invok: Berserk           |     2 |     5 |     8 |     6 ||    21
       Brothers in Arms  |       |       |     2 |       ||     2
  Use: Scroll            |     8 |       |       |    11 ||    19
       Potion            |       |       |       |     1 ||     1
 Stab: Sleeping          |    11 |     8 |    24 |     2 ||    45
       Distracted        |       |     1 |     2 |     2 ||     5
Armor: Animal skin       |    16 |    25 |    45 |    26 ||   112
       Leather armour    |       |       |       |    30 ||    30
Dodge: Dodged            |    52 |    84 |   133 |   202 ||   471
Block: Kite shield       |       |   142 |   241 |   354 ||   737

Table legend: (Time is in decaauts)
 A = Elapsed time spent in this place.
 B = Non-inter-level travel time spent in this place.
 C = Inter-level travel time spent in this place.
 D = Time resting spent in this place.
 E = Time spent auto-exploring this place.
 F = Levels seen in this place.
 G = Mean time per level.
                   A        B        C        D        E       F      G
               +--------+--------+--------+--------+--------+-----+--------+
         Total |   9251 |   8882 |    369 |    281 |   6562 |  10 |  925.1 |
       Dungeon |   8510 |   8141 |    369 |    234 |   6029 |   9 |  945.6 |
         Sewer |    741 |    741 |      0 |     46 |    532 |   1 |  741.0 |
               +--------+--------+--------+--------+--------+-----+--------+

Top non-repeatable levels by time:
     D:1: 1303 daAuts
     D:3: 1281 daAuts
     D:7: 1151 daAuts
     D:8: 1099 daAuts
     D:4: 802 daAuts
     D:6: 788 daAuts
   Sewer: 741 daAuts
     D:5: 736 daAuts
     D:9: 685 daAuts
     D:2: 661 daAuts
